 Dungeon Crawl Stone Soup version 0.23.2-1-ga50397a6bc (webtiles) character file.

Game seed: 14328983314955352172

363 PentaManta the Ducker (level 6, -4/44 HPs)
             Began as a Merfolk Gladiator on June 2, 2019.
             Splashed by Ijyb's acid (10 damage)
             ... on level 3 of the Dungeon.
             The game lasted 00:05:21 (2024 turns).

PentaManta the Ducker (Merfolk Gladiator)           Turns: 2024, Time: 00:05:22

Health: -4/44      AC:  4    Str: 15    XL:     6   Next: 67%
Magic:  6/6        EV: 15    Int:  7    God:
Gold:   176        SH:  0    Dex: 17    Spells: 5/5 levels left

rFire    . . .     SeeInvis .   a - +0 long sword
rCold    . . .     Gourm    .   (no shield)
rNeg     . . .     Faith    .   r - +0 ring mail {rPois}
rPois    +         Spirit   .   c - +0 helmet
rElec    .         Reflect  .   (no cloak)
rCorr    .         Harm     .   h - +1 pair of gloves
MR       .....                  (no boots)
Stlth    +.........             (no amulet)
HPRegen  0.14/turn              (no ring)
MPRegen  0.10/turn              (no ring)

@: corroded
A: change form in water, swift swim, stealthy swim
a: no special abilities


You were on level 3 of the Dungeon.
You were hungry.

You visited 1 branch of the dungeon, and saw 4 of its levels.

You collected 176 gold pieces.

Inventory:

Hand Weapons
 a - a +0 long sword (weapon)
 o - a +2 short sword of protection
Missiles
 d - a throwing net (quivered)
 g - 100 stones
Armour
 c - a +0 helmet (worn)
 h - a +1 pair of gloves (worn)
 r - a +0 ring mail of poison resistance (worn)
Scrolls
 l - 2 scrolls of magic mapping {unknown}
 m - 2 scrolls of teleportation {unknown}
 n - a scroll of fog {unknown}
 q - a scroll of enchant weapon {unknown}
Potions
 b - 2 potions of agility {unknown}
 e - 2 potions of curing {unknown}
 i - a potion of ambrosia {unknown}
 j - 3 potions of brilliance {unknown}
 k - a potion of lignification {unknown}
 p - a potion of resistance {unknown}
Comestibles
 f - 3 rations


   Skills:
 - Level 2.1 Fighting
 + Level 6.1 Long Blades
 - Level 2.0 Throwing
 + Level 7.3 Dodging


You had 5 spell levels left.
You didn't know any spells.
Your spell library was empty.

Dungeon Overview and Level Annotations

Branches:
Dungeon (4/15)
 Temple: D:4-7

Altars:

Annotations:
D:3 Ijyb


Message History

Ijyb is almost dead.
Ijyb closely misses you.
You closely miss Ijyb.
Ijyb is almost dead.
Ijyb hits you but does no damage.
You closely miss Ijyb.
Ijyb is almost dead.
Ijyb hits you but does no damage.
You hit Ijyb but do no damage.
Ijyb is almost dead.
Ijyb hits you but does no damage.
You closely miss Ijyb.
Ijyb is almost dead.
Ijyb barely misses you.
You hit Ijyb.
Ijyb is almost dead.
Ijyb hits you but does no damage.
Ijyb zaps a wand.
The bolt of acid hits you!
* * * LOW HITPOINT WARNING * * *
The acid corrodes you!
You are splashed with acid!
You die...

#.# #<.# #.# #.# #.#
#..# #.########.### ..#
#..# #............#
..####..# ##########.#.#
........# #.#.#
.##.##### #.#.. ....#
#.###
....####################
#.# #
................@ghhh..#
#.#
....##################.#
#.# ....# .##.#
.##.############# .
.##.............# .
.##############(# #. ##
#.#######
###############.......#


You could see Ijyb and 3 jackals.

Vanquished Creatures
  Sigmund (D:3)
  An orc priest (D:3)
  Jessica (D:2)
  Robin (D:3)
  4 gnolls (D:2)
  3 adders
  2 dart slugs
  4 leopard geckos
  3 orcs (D:3)
  4 bats
  A giant cockroach (D:1)
  12 goblins
  6 hobgoblins
  4 jackals
  2 ball pythons
  3 frilled lizards
  4 kobolds
  9 rats
65 creatures vanquished.

Notes
Turn   | Place    | Note
-------+----------+-------------------------------------------
     0 | D:1      | PentaManta the Merfolk Gladiator began the quest for the
                  | Orb.
     0 | D:1      | Reached XP level 1. HP: 16/16 MP: 1/1
    60 | D:1      | Reached XP level 2. HP: 15/22 MP: 2/2
   468 | D:1      | Reached XP level 3. HP: 25/27 MP: 3/3
   674 | D:2      | Reached skill level 5 in Dodging
   991 | D:2      | Noticed Jessica
  1004 | D:2      | Killed Jessica
  1004 | D:2      | Reached XP level 4. HP: 33/33 MP: 4/4
  1127 | D:2      | Reached XP level 5. HP: 26/38 MP: 5/5
  1242 | D:2      | Reached skill level 6 in Dodging
  1277 | D:3      | Reached skill level 5 in Long Blades
  1407 | D:3      | Noticed Robin
  1676 | D:3      | Killed Robin
  1749 | D:3      | Noticed Sigmund
  1767 | D:3      | Killed Sigmund
  1767 | D:3      | Reached skill level 7 in Dodging
  1767 | D:3      | Reached XP level 6. HP: 44/44 MP: 6/6
  2007 | D:3      | Noticed Ijyb
  2024 | D:3      | Splashed by Ijyb's acid

Skill      XL: |  1  2  3  4  5 |
---------------+----------------+-----
Long Blades    | 4 6 |  6.1
Dodging        | 5 7 |  7.3
Fighting       | |  2.1
Throwing       | |  2.0

Action                   |  1- 3 |  4- 6 || total
-------------------------+-------+-------++-------
Melee: Long sword        |    88 |    96 ||   184
       Short sword       |       |     8 ||     8
Throw: Throwing net      |       |     3 ||     3
 Stab: Held in net/web   |       |     1 ||     1
  Eat: Chunk             |       |     3 ||     3
Armor: Leather armour    |    22 |    25 ||    47
       Ring mail         |       |     8 ||     8
Dodge: Dodged            |    68 |    88 ||   156
       Rpst.: Long sword |    25 |    28 ||    53
